Cogmind - Beta 15 @@@ ROGUE MODE // 2025.08.28 @ 19:20:29 Player: beans Result: Destroyed by H-55 Commando with Gauss Rifle Performance ------------- Evolutions (2) 1000 Regions Visited (4) 800 Robots Destroyed (63) 315 Value Destroyed (1598) 1598 Prototype IDs (4) 80 Alien Tech Used (0) 0 Bonus (200) 200 TOTAL SCORE: 3993 Bonus ------- Entered Garrisons 200 Cogmind --------- Core Integrity 0/550 Matter 273/300 Energy 100/100 System Corruption 0% Temperature Cool (0) Movement Walking (120) Location -8/Garrison Parts ------- > --- POWER (1) -------- (None) > --- PROPULSION (2) --- Carbon-fiber Leg > --- UTILITY (3) ------ Improved Melee Analysis Suite > --- WEAPON (5) ------- (None) > --- INVENTORY (5) ---- Light Ion Engine Large Storage Unit Relay Coupler [Sentry] (17) Recalibrator Plasma Cutter Peak State ------------ > --- POWER ------------ Cooled Ion Engine > --- PROPULSION ------- Light Treads Light Treads > --- UTILITY ---------- Large Storage Unit Shield Generator > --- WEAPON ----------- Advanced Beam Cannon Assault Rifle Gauss Rifle Improved Light Cannon > --- INVENTORY -------- Light Ion Engine Light Treads Recalibrator Advanced Beam Cannon Plasma Cutter [Rating: 19] Favorites ----------- Power Cooled Ion Engine Engine Cooled Ion Engine Propulsion Light Treads Treads Light Treads Leg Carbon-fiber Leg Flight Unit Improved Flight Unit Utility Large Storage Unit Device Shield Generator Storage Large Storage Unit Processor Improved Targeting Computer Hackware Hacking Suite Weapon Advanced Beam Cannon Energy Gun Medium Laser Energy Cannon Advanced Beam Cannon Ballistic Gun Assault Rifle Ballistic Cannon Improved Light Cannon Launcher Grenade Launcher Special Weapon Plasma Cutter Build | -11 -10 -9 -8 -8 ------- Run | Yrd Mat Mat Mat Gar Slots Evolved 4 | . . 2 2 . Power . | . . . . . Propulsion . | . . . . . Utility 1 | . . 1 . . Weapon 3 | . . 1 2 . Parts Attached 31 | 5 3 13 4 6 Power 4 | 1 . 3 . . Engine 4 | 1 . 3 . . Core . | . . . . . Reactor . | . . . . . Propulsion 8 | 2 . 4 . 2 Treads 5 | 2 . 3 . . Leg 2 | . . . . 2 Wheel . | . . . . . Hover . | . . . . . Flight 1 | . . 1 . . Utility 7 | . 2 3 . 2 Device 3 | . 1 1 . 1 Storage 1 | . . 1 . . Processor 2 | . . 1 . 1 Hackware 1 | . 1 . . . Protection . | . . . . . Artifact . | . . . . . Weapon 12 | 2 1 3 4 2 Energy Gun 4 | 2 . 1 1 . Energy Cannon 2 | . . 1 . 1 Ballistic Gun 2 | . . . 2 . Ballistic Cannon 1 | . . 1 . . Launcher 2 | . 1 . 1 . Special Weapon 1 | . . . . 1 Impact Weapon . | . . . . . Slashing Weapon . | . . . . . Piercing Weapon . | . . . . . Special Melee Weapon . | . . . . . Unidentified Prototypes 4 | . . 3 1 . Parts Lost 22 | . . 10 1 11 Power 2 | . . 1 . 1 Propulsion 5 | . . 2 . 3 Utility 5 | . . 3 . 2 Weapon 10 | . . 4 1 5 Highest Loss Streak 9 | . . 9 1 9 To Critical Strikes . | . . . . . Average Backups 4 | . 1 3 5 5 Power . | . . . 1 1 Propulsion . | . . . 1 . Utility 1 | . . . 1 1 Weapon 1 | . 1 1 1 . Tool/Special . | . . . . . Unused Backups 3 | . . 1 . 2 Power . | . . . . . Propulsion . | . . . . . Utility 2 | . . . . 2 Weapon 1 | . . 1 . . Tool/Special . | . . . . . Average Slot Usage (%) 70 | . 81 69 74 66 Engine 9 | . 14 10 9 7 Treads 19 | . 28 20 18 15 Device 6 | . 6 10 9 1 Storage 5 | . . 1 9 8 Hackware 1 | . 4 3 . . Energy Gun 9 | . 22 9 . 7 Energy Cannon 6 | . . 4 9 8 Ballistic Gun 8 | . . . 11 15 Ballistic Cannon 4 | . . 8 8 . Peak Build Rating 19 | 5 9 16 19 19 Average Rating 12 | 4 6 10 17 15 On Entrance 9 | . 5 9 14 19 Naked Turns 7 | . . 7 . . Heaviest Build 44 | 9 10 38 44 43 Greatest Support 40 | 40 40 40 40 40 Greatest Overweight (x) 7 | . . 3 1 7 Average Overweight (x) . | . . . . . Largest Inventory Capacity 15 | 5 5 15 15 15 Average Capacity 10 | 5 5 6 15 14 Most Carried 7 | 2 2 6 7 6 Average Carried 4 | . 1 3 5 5 Final Capacity 15 | 5 5 15 15 5 Final Carried 5 | . 2 5 5 5 Class Distribution -------------------- 48% | Mutant 26% | Scavenger-Gunner 17% | Scavenger-Tank 7% | Gunner Dominant Class ---------------- Mutant | -10/Materials Mutant | -9/Materials Scavenger-Tank | -8/Materials Scavenger-Gunner | -8/Garrison Resources | -11 -10 -9 -8 -8 ----------- Run | Yrd Mat Mat Mat Gar Matter Collected 1183 | 250 140 432 199 162 Remotely . | . . . . . Salvage Created 1835 | . 244 1135 249 207 Parts 138 | . 20 87 16 15 Haulers Intercepted 4 | . . 4 . . Recyclers Shooed 2 | . 1 1 . . Parts Field Recycled . | . . . . . Retrieved Matter . | . . . . . Parts Self-Destructed . | . . . . . Prevented . | . . . . . Kills | -11 -10 -9 -8 -8 ------- Run | Yrd Mat Mat Mat Gar Combat Hostiles Destroyed 37 | . 8 17 5 7 Guns 18 | . 5 4 2 7 Cannons 11 | . . 8 3 . AOE 8 | . 3 5 . . Classes Destroyed 13 | . 4 8 1 . Worker 5 | . . 5 . . Builder 4 | . . 4 . . Tunneler 1 | . . 1 . . Hauler 4 | . . 4 . . Recycler 3 | . . 3 . . Mechanic 2 | . . 1 1 . Operator 1 | . 1 . . . Watcher 6 | . 2 3 1 . Swarmer 11 | . 3 4 . 4 Grunt 19 | . 5 10 2 2 Brawler 1 | . . 1 . . Sentry 5 | . . 2 2 1 Hunter 1 | . . . 1 . Best Kill Streak 11 | . 4 11 2 4 Combat Bots Only 8 | . 3 8 2 4 Max Kills in Single Turn 2 | . 2 2 1 1 Gunslinging . | . . . . . Exploded 2 | . 2 1 . . Melee . | . . . . . Uniques/NPCs Destroyed . | . . . . . Combat | -11 -10 -9 -8 -8 -------- Run | Yrd Mat Mat Mat Gar Hostile Shots Fired 304 | . 51 55 39 159 Missed 80 | . 12 12 10 46 Hits 224 | . 39 43 29 113 Projectile 224 | . 39 43 29 113 Critical Strikes 6 | . 1 . 2 3 Damage Taken 2933 | . 411 606 277 1639 Core 743 | . 84 109 26 524 Absorbed by Shields 137 | . . 27 106 4 Core Remaining (%) 79 | 100 66 72 . . Volleys Fired 168 | 1 29 67 28 43 Largest 4 | 2 2 3 4 4 Hottest 172 | 100 100 133 149 172 Shots Fired 339 | 2 48 140 75 74 Gun 182 | 2 38 48 43 51 Cannon 138 | . . 84 32 22 Launcher 18 | . 10 8 . . Special 1 | . . . . 1 Kinetic 162 | . . 59 66 37 Thermal 150 | 2 38 64 9 37 Explosive 18 | . 10 8 . . Electromagnetic 9 | . . 9 . . Robot Hit Streak 10 | 1 8 10 9 5 Robot Miss Streak 6 | 1 2 4 5 6 Penetration Max 1 | . . . . 1 Secondary Targets 3 | . 2 . . 1 Max Gunslinging Chain 1 | . 1 . . 1 Shots Hit Robots 174 | 1 32 73 42 26 Core Hits 97 | . 17 49 12 19 Critical Kills 1 | . . . 1 . Critical Parts Destroyed . | . . . . . Critical Strikes 10 | . 5 3 1 1 Burn 8 | . 5 2 . 1 Destroy 1 | . . . 1 . Blast 1 | . . 1 . . Melee Attacks . | . . . . . Impact . | . . . . . Slashing . | . . . . . Piercing . | . . . . . Sneak Attacks . | . . . . . Combat Hostiles . | . . . . . Follow-up Attacks . | . . . . . Damage Inflicted 3727 | 13 706 1802 678 528 Guns 1489 | 13 348 325 373 430 Cannons 1416 | . . 1029 305 82 Explosions 806 | . 358 448 . . Melee . | . . . . . Ramming 16 | . . . . 16 Kinetic 1592 | . . 703 560 329 Thermal 1238 | 13 348 576 118 183 Explosive 806 | . 358 448 . . Electromagnetic 75 | . . 75 . . Impact . | . . . . . Slashing . | . . . . . Piercing . | . . . . . Highest Corruption 4 | . . 4 . . Average Corruption 4 | . . 4 . . Corruption Purged . | . . . . . Corruption Blocked . | . . . . . Effects 8 | . . 8 . . Message Errors 3 | . . 3 . . Matter Fused 1 | . . 1 . . Heat Flow Errors 2 | . . 2 . . Energy Discharges 1 | . . 1 . . Misfires 1 | . . 1 . . Overload Shots . | . . . . . Overflow Damage 29 | . . 29 . . Projectiles 5 | . . 5 . . Explosions 24 | . . 24 . . Melee . | . . . . . Knockbacks 1 | . . 1 . . Impact . | . . . . . Kinetic 1 | . . 1 . . Secondary . | . . . . . Self-Inflicted Damage 75 | . . 75 . . Shots 2 | . . 2 . . Rammed . | . . . . . Targets Rammed 9 | . . . . 9 Kicked 9 | . . . . 9 Crushed . | . . . . . Highest Temperature 498 | 39 258 268 86 498 Average Temperature 88 | 20 103 73 24 152 Received Heat Transfer 1348 | . 210 203 110 825 Effects 6 | . 1 . . 5 Energy Bleed 2 | . . . . 2 Interference 3 | . 1 . . 2 Short Circuit 1 | . . . . 1 Siege Activations . | . . . . . Martial Activations . | . . . . . Shielding Activations . | . . . . . Robots Disrupted . | . . . . . Combat Hostiles . | . . . . . Robots Corrupted . | . . . . . Combat Hostiles . | . . . . . Parts Fried . | . . . . . Impact Corruptions . | . . . . . Robots Melted . | . . . . . Combat Hostiles . | . . . . . Parts Melted 9 | . 8 1 . . Heat Transferred 3626 | 37 1406 1480 222 481 Parts Sabotaged . | . . . . . Parts Stolen . | . . . . . Parts Stripped . | . . . . . Power Chain Reactions . | . . . . . Alert | -11 -10 -9 -8 -8 ------- Run | Yrd Mat Mat Mat Gar Maximum Alert Level 1 | . . 1 . 1 Low Security (%) 66 | 100 100 43 100 58 Level 1 33 | . . 56 . 41 Level 2 . | . . . . . Level 3 . | . . . . . Level 4 . | . . . . . Level 5 . | . . . . . High Security . | . . . . . Max Security . | . . . . . Peak Influence 312 | . 160 312 138 287 Initial 114 | . . 67 114 73 Average 146 | . 93 165 112 174 Influence Increases 1320 | . 270 602 169 279 Destroy 0b10 Robot/C 740 | . 160 340 100 140 Destroy 0b10 Robot/NC 130 | . 15 105 10 . Destroy Leader 170 | . 34 84 42 10 Successful Hack 14 | . . . . 14 Disable Machine 60 | . 15 30 15 . Anti-Garrison Action 50 | . . . . 50 Destroy Structure 111 | . 46 43 2 20 Lose Combat Pursuer 45 | . . . . 45 Influence Decreases 1078 | . 110 490 328 150 Entered New Map 291 | . . 93 158 40 Time Decay 567 | . 110 297 160 . Lost Part 220 | . . 100 10 110 Squads Dispatched 4 | . 2 1 1 . Investigation 3 | . 2 . 1 . Extermination . | . . . . . Reinforcement 1 | . . 1 . . Assault . | . . . . . Garrison . | . . . . . Intercept . | . . . . . Searches Triggered . | . . . . . Construction Impeded 1 | . . 1 . . Haulers Reinforced . | . . . . . Active Scanning Responses . | . . . . . Cargo Convoy Interrupts . | . . . . . Stealth | -11 -10 -9 -8 -8 --------- Run | Yrd Mat Mat Mat Gar Distress Signals 6 | . 1 3 . 2 Communications Jammed . | . . . . . Distress Signals . | . . . . . Times Spotted 59 | . 11 25 9 14 Peak Tracking Total 8 | . 3 6 2 8 Tactical Retreats 1 | . . . . 1 Traps | -11 -10 -9 -8 -8 ------- Run | Yrd Mat Mat Mat Gar Traps Triggered 5 | . 2 . 1 2 Indirectly . | . . . . . Trap Hack Attempts . | . . . . . Triggered . | . . . . . Disarmed . | . . . . . Reprogrammed . | . . . . . Reused . | . . . . . Traps Extracted . | . . . . . Installed . | . . . . . Triggered . | . . . . . Machines | -11 -10 -9 -8 -8 ---------- Run | Yrd Mat Mat Mat Gar Machines Disabled 5 | . 1 2 1 1 Max in Single Turn 1 | . 1 1 1 1 Garrison Relay 1 | . . . . 1 Machines Repaired . | . . . . . Machines Dismantled . | . . . . . Machines Sabotaged . | . . . . . Overloaded Fab Kills . | . . . . . Hacking | -11 -10 -9 -8 -8 --------- Run | Yrd Mat Mat Mat Gar Machines Accessed 3 | . 1 . 1 1 Terminals 2 | . 1 . . 1 Fabricators . | . . . . . Repair Stations . | . . . . . Recycling Units . | . . . . . Scanalyzers . | . . . . . Garrison Access 1 | . . . 1 . Total Hacks 4 | . 2 . 1 1 Successful 2 | . . . 1 1 Failed 2 | . 2 . . . Catastrophic 1 | . 1 . . . Database Lockouts . | . . . . . Manual 1 | . 1 . . . Terminals 3 | . 2 . . 1 Fabricators . | . . . . . Repair Stations . | . . . . . Recycling Units . | . . . . . Scanalyzers . | . . . . . Garrison Access 1 | . . . 1 . Terminal Hacks 1 | . . . . 1 Emergency Access Points 1 | . . . . 1 Fabricator Hacks . | . . . . . Repair Station Hacks . | . . . . . Recycling Unit Hacks . | . . . . . Scanalyzer . | . . . . . Garrison Access Hacks 1 | . . . 1 . Unlock Access 1 | . . . 1 . Unauthorized Hacks . | . . . . . Terminals . | . . . . . Fabricators . | . . . . . Repair Stations . | . . . . . Recycling Units . | . . . . . Scanalyzers . | . . . . . Garrison Access . | . . . . . Data Cores Recovered . | . . . . . Used . | . . . . . Hacking Detections 2 | . 1 . 1 . Full Trace Events 1 | . 1 . . . Feedback Events . | . . . . . Feedback Blocked . | . . . . . Robot Schematics Acquired . | . . . . . Robots Built . | . . . . . Authchips . | . . . . . Time . | . . . . . Total Robot Build Rating . | . . . . . Part Schematics Acquired . | . . . . . Parts Built . | . . . . . Authchips . | . . . . . Time . | . . . . . Total Part Build Rating . | . . . . . Parts Repaired . | . . . . . Time . | . . . . . Parts Recycled . | . . . . . Recycled Matter . | . . . . . Retrieved Matter . | . . . . . Retrieved Components . | . . . . . Parts Scanalyzed . | . . . . . Part Schematics Acquired . | . . . . . Parts Damaged . | . . . . . Bothacking | -11 -10 -9 -8 -8 ------------ Run | Yrd Mat Mat Mat Gar Used RIF Installer . | . . . . . Robots Hacked . | . . . . . Non-combat . | . . . . . Combat . | . . . . . Robot Hacks Applied . | . . . . . Relay Couplers Released 4 | . . . . 4 Machine Destruction 4 | . . . . 4 Fabnet Peak Effective % . | . . . . . Robots Rewired . | . . . . . Allies Hacked . | . . . . . Hacks Repelled . | . . . . . Allies | -11 -10 -9 -8 -8 -------- Run | Yrd Mat Mat Mat Gar Total Allies . | . . . . . Largest Group . | . . . . . Highest-Rated Group . | . . . . . Highest-Rated Ally . | . . . . . Total Orders . | . . . . . Ally Attacks . | . . . . . Total Damage . | . . . . . Kills . | . . . . . Allies Corrupted . | . . . . . Allies Melted . | . . . . . Intel | -11 -10 -9 -8 -8 ------- Run | Yrd Mat Mat Mat Gar Active Infowar (turns) . | . . . . . Robot Analysis Total . | . . . . . Derelict Logs Recovered . | . . . . . Drone Launches . | . . . . . Drone Recoveries . | . . . . . Exploration | -11 -10 -9 -8 -8 ------------- Run | Yrd Mat Mat Mat Gar Turns Passed 2223 | 79 269 687 335 853 Spaces Moved 902 | 48 115 299 120 320 Core 22 | 9 . 12 . 1 Treads 830 | 39 115 287 120 269 Legs 50 | . . . . 50 Wheels . | . . . . . Hover . | . . . . . Flight . | . . . . . Fastest Speed 50 | 50 160 50 160 120 Average Speed 184 | 139 160 156 200 221 Slowest Speed 400 | 160 160 200 240 400 Overloaded Moves . | . . . . . Propulsion Burnouts . | . . . . . Robots Hopped . | . . . . . Potential Cave-ins . | . . . . . Cave-ins Triggered 1 | . . 1 . . Exploration Rate (%) 22 | 3 26 33 16 33 Regions Visited 4 Branch Regions . Pre-discovered Areas . | . . . . . Known Exits Taken 1 | . . . 1 . Unknown Exits Taken 3 | 1 1 1 . . Scrap Searched . | . . . . . Spaces Dug 4 | . . 4 . . Terrain Destroyed 115 | . 67 46 1 1 Melee . | . . . . . Projectile 7 | . . 5 1 1 AOE 108 | . 67 41 . . Terrain Rammed . | . . . . . Walls Destroyed . | . . . . . Machines Disabled . | . . . . . Actions | -11 -10 -9 -8 -8 --------- Run | Yrd Mat Mat Mat Gar Total 1161 | 58 151 399 156 397 Wait 9 | . . . . 9 Move 898 | 47 114 298 119 320 Hop . | . . . . . Pick Up 30 | 5 4 15 4 2 Fast Attach 3 | . . . . 3 Attach 26 | 5 2 11 4 4 Detach 2 | . . . . 2 Swap 7 | . 2 5 . . Drop 5 | . . 3 1 1 Fire 168 | 1 29 67 28 43 Melee . | . . . . . Ram . | . . . . . Kick 9 | . . . . 9 Crush . | . . . . . Escape Stasis 4 | . . . . 4 Rewire . | . . . . . Trap . | . . . . . Miscellaneous . | . . . . . Route ------- -11/Scrapyard -10/Materials -9/Materials (discovered 2 exits: *Mat / [*Min]) -8/Materials -8/Garrison (discovered 1 exit: [*Mat]) History --------- Turn | Location | Event 3 | -11/Scrapyard | Discovered new exit (range 15) 80 | -11/Scrapyard | Entered Materials 252 | -10/Materials | Discovered new exit (range 14) 301 | -10/Materials | Build established: Mutant 349 | -10/Materials | Entered another Materials area 349 | -9/Materials | Evolved 2 slots: Utility x1, Weapon x1 658 | -9/Materials | Crushed by falling debris 676 | -9/Materials | Destroyed 8 combat bots 689 | -9/Materials | Lost 9 parts (1p2n2u4w) 872 | -9/Materials | Discovered new exit (range 5) 990 | -9/Materials | Discovered new exit (range 6) 1036 | -9/Materials | Entered another Materials area 1036 | -8/Materials | Evolved 2 slots: Weapon x2 1368 | -8/Materials | Identified exit to Garrison 1371 | -8/Materials | Entered Garrison 1435 | -8/Garrison | Build established: Scavenger-Tank 1513 | -8/Garrison | Triggered checkpoint 1555 | -8/Garrison | Garrison Relay disabled 1815 | -8/Garrison | Build established: Scavenger-Gunner 1859 | -8/Garrison | Triggered checkpoint 1923 | -8/Garrison | Discovered new exit (range 3) 2077 | -8/Garrison | Triggered checkpoint 2095 | -8/Garrison | Triggered checkpoint 2127 | -8/Garrison | Core integrity fell below 50% 2170 | -8/Garrison | Lost 9 parts (1p2n1u5w) 2189 | -8/Garrison | Core integrity fell below 20% 2224 | -8/Garrison | Destroyed by H-55 Commando with Gauss Rifle Last Messages --------------- Dropped Lgt. Treads. Acquired Carbon-fiber Leg. ALERT: Dispatching investigation squad to Materials. Slug penetrates Wall. W-25 Informer springs to life. W-25 Informer sends out distress signal. Acquired Imp. Melee Analysis Suite. Kicked G-47 Trooper. W-25 Informer sends out distress signal. Kicked G-47 Trooper out of the way. Penetrated by Slug. Kicked H-55 Commando. Carbon-fiber Leg destroyed. Kicked H-55 Commando. Slug penetrates Wall. Kicked H-55 Commando. Critical hit (Burn: +37). Kicked H-55 Commando. Penetrated by Slug. Map ----- +----------------------------------------------------+ | ????? = #???????????? | | ????? #???????????? | | ??????##+#### ## ## ###########???????????? | | ????????????# ## ## ###???????????????????? | | ??????????+?" #???????????????????? | | ????????????" #???????????????????? | | ????????????" #???????????????????? | | ??????????+?" #???????????????????? | | ????????????# ## ## ###???????????????????? | | ????????????#^ ## ## ##################????? | | ????????????+ ?????? | | ????????????+ #????????????? | | ????????????# ####+## #????????????? | | ????????????# ##""""## ##?????# #??????????+?? | | ????????????# ???????# #??????# #????????????? | | ????????????# ???+????# #??????# #????????????? | | ????????????+ ??/??????#w #??????+ +????????????? | | ???????????????????????# #??????# #????????????? | | ???????????????????????# +??????# #????????????? | | ???????????????????????# #??????# #??????????+?? | | ????++?????????????????# ######## #????????????? | | ???????????????????????# #????????????? | | ???????????????????????# h ?????? | | ???????????????????????##/######## #########????? | | ?????????????+??????????#h#??????# #????????????? | | ????????????????????????#@#??????# #????????????? | | ????????????????????????#g#??????# ????????????? | | ????????+???????????????# #??????# #"???????????? | | ??????????????????????### ###????# ###??????????? | | ??????????????????????#! !#????? #????????????? | | ??????????????????????#! !+????+ ????????????? | | ??????????????????????#! #????? ????????????? | | ??????????????????????#!! !!#?????###????????????? | | ??????????????????????#######????????????????????? | | ?????????????????????????????????????????????????? | | ?????????????????????????????????????????????????? | | ?????????????????????????????????????????????????? | | ?????????????????????????????????????????????????? | | ?????????????????????????????????????????????????? | | ?????????????????????????????????????????????????? | | ?????????????????????????????????????????????????? | | ?????????????????????????????????????????????????? | | ?????????????????????????????????????????????????? | | ?????????????????????????????????????????????????? | | ?????????????????????????????????????????????????? | | ?????????????????????????????????????????????????? | | ?????????????????????????????????????????????????? | | ?????????????????????????????????????????????????? | | ?????????????????????????????????????????????????? | | ?????????????????????????????????????????????????? | +----------------------------------------------------+ Best States ------------- Heat Dissipation 38 Energy Generation 14 Energy Capacity 280 Matter Stores 300 Matter Capacity 300 Sight Range 16 Terrain Scan Density 10 Evasion (%) 55 Targeting Accuracy 6 Melee Accuracy 6 Recoil Reduction 2 Offensive Hacking 10 Item Schematics ----------------- None Robot Schematics ------------------ None Fabricated ------------ Nothing Repaired ---------- Nothing Alien Tech Used ----------------- None Achievements -------------- None Challenges ------------ None Game ------ Seed DefenseSpliceSheargun Manual? 0 Play Time 00:16:36 Cumulative 107.3 hours Start 2025.08.28 @ 19:07:28 End 2025.08.28 @ 19:20:29 Sessions 1 Manual Loads 0 Difficulty Rogue Special Mode None Game No. 399 Rogue 399 Adventurer 0 Explorer 0 Win Type - Total 0 Types 0/0/0/0/0/0/0/0/0/0 Lore% 43 Gallery% 43 Achievement% 31 Wizard Run 0 Options --------- Layout 2 ASCII 0 Keyboard 0 Movement Mouse Keybinds 0 Fullscreen 2 Font 24/Smallcaps Map View 50x44 Zoom Use 0% Tactical HUD 0 Map Filters NONE Filters NONE Steam 1 RUN: 8e3de2ab-ab9b-4e69-97af-a932e0b4240a